 Dungeon Crawl Stone Soup version 0.27-a0-1456-gf5a116941d (webtiles) character file.

Game seed: 6668058496303536570

91715 Kinoniko the Severer (level 15, -1/140 HPs)
             Began as a Palentonga Berserker on July 6, 2021.
             Was the Champion of Trog.
             Slain by a yaktaur (10 damage)
             ... on level 13 of the Dungeon.
             The game lasted 00:28:02 (21084 turns).

Kinoniko the Severer (Palentonga Berserker)        Turns: 21084, Time: 00:28:02

Health: -1/140     AC: 30    Str: 25    XL:     15   Next: 55%
Magic:  15/15      EV:  6    Int: 12    God:    Trog [******]
Gold:   813        SH:  0    Dex: 10    Spells: 14/14 levels left

rFire    + + +     SeeInvis +   y - +7 battleaxe (flame)
rCold    . . .     Faith    .   (shield currently unavailable)
rNeg     . . .     Spirit   .   U - +7 plate armour of the Slorg {*Corrode rF++ Regen+ Int+3}
rPois    .         Reflect  .   q - +2 helmet
rElec    .         Harm     .   b - +2 cloak
rCorr    .         Rampage  .   I - +1 pair of gloves
Will     +....                  (no barding)
Stlth    ..........             H - amulet of regeneration
HPRegen  2.33/turn              N - +4 ring of slaying
MPRegen  0.14/turn              D - ring of protection from fire

@: corroded, on berserk cooldown, attractive, studying 2 skills, curled up
A: large, rugged brown scales 3, see invisible, deformed body, roll 1, armoured
tail, reflexive curl
a: Rolling Charge, Renounce Religion, Berserk, Trog's Hand, Brothers in Arms


You were on level 13 of the Dungeon.
You worshipped Trog.
Trog was exalted by your worship.
You visited 2 branches of the dungeon, and saw 19 of its levels.
You also visited: Gauntlet.

You collected 1645 gold pieces.
You spent 832 gold pieces at shops.

Inventory:

Hand Weapons
 y - a +7 battleaxe of flaming (weapon)
 Y - a +1 vorpal broad axe
Missiles
 i - 10 javelins
 o - 4 boomerangs of dispersal
 v - 4 throwing nets
 E - a curare-tipped dart
 Q - 8 silver javelins
Armour
 a - the +5 scale mail "Cucasmef" {rPois}
   (You found it on level 7 of the Dungeon)

   rPois:     It protects you from poison.
 b - a +2 cloak (worn)
 q - a +2 helmet (worn)
 I - a +1 pair of gloves (worn)
 S - the +0 ring mail "Umowola" {Contam rPois rCorr Int+5}
   (You found it in a Gauntlet)

   Int:       It affects your intelligence (+5).
   rPois:     It protects you from poison.
   Contam:    It causes magical contamination when unequipped.
   rCorr:     It protects you from acid and corrosion.
 U - the +7 plate armour of the Slorg (worn) {*Corrode rF++ Regen+ Int+3}
   (You bought it in a shop on level 8 of the Dungeon)

   Int:       It affects your intelligence (+3).
   rF:        It greatly protects you from fire.
   Regen:     It increases your rate of health regeneration.
   *Corrode:  It may corrode you when you take damage.
Jewellery
 h - the ring "Pejen" {rElec rCorr Stlth+}
   (You found it on level 6 of the Lair of Beasts)

   [ring of resist corrosion]

   rElec:     It insulates you from electricity.
   rCorr:     It protects you from acid and corrosion.
   Stlth:     It makes you more stealthy.
 m - a +6 ring of dexterity
 w - a ring of magical power
 D - a ring of protection from fire (right hand)
 H - an amulet of regeneration (around neck)
 J - a ring of resist corrosion
 N - a +4 ring of slaying (left hand)
 O - a ring of positive energy
 P - a ring of protection from fire
Wands
 d - a wand of polymorph (7)
 e - a wand of charming (21)
 u - a wand of flame (38)
 C - a wand of acid (20)
 F - a wand of iceblast (34)
Scrolls
 s - 3 scrolls of teleportation
 z - a scroll of identify
 G - a scroll of fog {unknown}
 L - a scroll of enchant armour
 R - 5 scrolls of vulnerability
 T - 3 scrolls of magic mapping
 W - 2 scrolls of fear
Potions
 c - 2 potions of resistance
 f - 3 potions of mutation
 g - 4 potions of brilliance
 j - 2 potions of attraction
 k - 10 potions of curing
 l - 3 potions of haste {unknown}
 p - 11 potions of ambrosia
 r - 2 potions of lignification
 t - 4 potions of degeneration {unknown}
 x - 3 potions of magic
 A - 2 potions of might
 B - 2 potions of invisibility {unknown}
 K - 2 potions of flight {unknown}
 M - a potion of experience {unknown}
 X - a potion of heal wounds
Miscellaneous
 n - a condenser vane


   Skills:
 * Level 16.2 Fighting
 * Level 19.0 Axes
 + Level 7.4 Armour
 - Level 3.2 Dodging
 - Level 4.3 Shields


You had 14 spell levels left.
You didn't know any spells.
Your spell library contained the following spells:

 Spells                   Type           Power      Damage    Failure   Level
 Sandblast                Erth           0%         2d4       99%         1
 Passwall                 Tmut/Erth      0%         N/A       99%         2
 Lee's Rapid Deconstruct  Erth           0%         3d5*      100%        5


Dungeon Overview and Level Annotations

Branches:
Dungeon (13/15)            Temple (0/1) D:5            Lair (6/6) D:11
  Swamp (0/4) Lair:4        Snake (0/4) Lair:3        Slime (0/5) Lair:5
    Orc (0/2) D:11        Gauntlet (visited)
 Vaults: D:13-14

Altars:
Ashenzari
Cheibriados
Makhleb
Okawaru
Sif Muna
Uskayaw
Wu Jian
Xom
Yredelemnul
Zin
Jiyva

Shops:
D:8 [

Annotations:
D:12 3 runed translucent doors, Cicust's ghost, journeyman TrMo
Lair:2 1 runed translucent door, 2tc's ghost, journeyman MfTm


Innate Abilities, Weirdness & Mutations

You are completely covered in rugged brown scales. (AC +3, +7% HP)
You have supernaturally acute eyesight. (SInv)
Armour fits poorly on your strangely shaped body.
You can roll at nearby foes to attack.
You have a long armoured tail.
You curl defensively after being hit.


Message History

The yaktaur shoots a bolt.
The bolt hits you!
* * * LOW HITPOINT WARNING * * *
The yaktaur shoots a bolt.
The bolt closely misses you.
The yaktaur shoots a bolt.
The bolt hits you!
* * * LOW HITPOINT WARNING * * *
The yaktaur unwields a +0 arbalest.
The yaktaur hits you.
* * * LOW HITPOINT WARNING * * *
A deep elf pyromancer comes into view.
It is wielding a +0 rapier and carrying a wand of iceblast (7).
You feel much better.
The yaktaur shoots a bolt.
The bolt hits you!
The yaktaur shoots a bolt.
The bolt hits you!
* * * LOW HITPOINT WARNING * * *
The yaktaur barely misses you.
The yaktaur shoots a bolt.
The bolt closely misses you.
Really quaff the potion of attraction?
Okay, then.
Really quaff the potion of attraction?
You feel attractive to monsters.
The deep elf pyromancer gestures wildly while chanting.
The deep elf pyromancer blinks!
The yaktaur shoots a bolt.
The bolt closely misses you. The yaktaur hits you.
* * * LOW HITPOINT WARNING * * *
The yaktaur shoots a bolt.
The bolt hits you but does no damage.
The yaktaur shoots a bolt.
The bolt hits you!
* * * LOW HITPOINT WARNING * * *
Your corrosive artefact corrodes you!
The deep elf pyromancer hits you but does no damage.
The yaktaur hits you!
* * * LOW HITPOINT WARNING * * *
The yaktaur is pulled toward you!
It was a potion of cancellation.
Your magical effects are unravelling.
You feel magically purged.
You feel yourself speed up.
You are no longer corroded.
The deep elf pyromancer hits you but does no damage.
The yaktaur shoots a bolt.
The bolt hits you!
* * * LOW HITPOINT WARNING * * *
Your corrosive artefact corrodes you!
The yaktaur hits you.
* * * LOW HITPOINT WARNING * * *
The yaktaur unwields a +0 arbalest.
The yaktaur hits you!
You die...

# # . .# .## .# e
#.#..#.# ##.#..#.##
.........
#######)#..#ยง##
####.....cec......
##.......)@)c......
#.....#####c#..#.##
#.....# #.)).......
#.....#..##.#..#.##
##...##O #.#..# #
####.### .##..#
#.....[# . ..#
#.##.#### ####..#
#.##.# #.##.....##


You could see 4 yaktaurs and a deep elf pyromancer.

Vanquished Creatures
  A sphinx (D:11)
  Kirke (Lair:4)
  A minotaur (Gauntlet)
  Josephine (Lair:5)
  Harold (Lair:1)
  11 hydras
  2 boulder beetles
  3 catoblepae
  Fannar (D:10)
  2 ogre magi
  A death knight (D:11)
  31 death yaks
  5 two-headed ogres
  Urug (Lair:5)
  A deep elf knight (D:13)
  2 skeletal warriors (D:11)
  3 oklob plants (Lair:3)
  3 manticores
  A deep elf pyromancer (D:13)
  A cyclops (D:12)
  An ugly thing (D:11)
  A worldbinder (Gauntlet)
  4 elephants (Lair:6)
  6 black mambas
  2 centaur zombies (D:11)
  A gargoyle (D:10)
  23 cane toads
  A molten gargoyle (Gauntlet)
  A freezing wraith (D:11)
  4 rime drakes
  16 komodo dragons
  3 kobold demonologists
  2 tyrant leeches
  A queen bee (D:11)
  A hornet (D:10)
  3 polar bears
  Prince Ribbit (D:6)
  5 dream sheep (Lair:6)
  12 blink frogs
  Sigmund (D:5)
  2 vampires
  A shadow (D:11)
  60 yaks
  2 wyverns
  3 basilisks
  4 wraiths
  Eustachio (D:6)
  2 hogs (Lair:4)
  3 vampire mosquitoes (D:10)
  6 swamp worms
  2 nagas (Lair:3)
  20 water moccasins
  An acid dragon (D:12)
  2 orc warriors
  2 black bears
  A necrophage (D:7)
  19 wolves
  3 boggarts
  An ice beast (D:7)
  3 ogres
  12 centaurs
  3 kobold brigands
  Blork the orc (D:6)
  11 bullfrogs
  A scorpion (D:6)
  2 gnoll sergeants
  27 killer bees
  5 wights (D:6)
  2 electric eels
  6 howler monkeys
  A hound (D:4)
  Crazy Yiuf (D:2)
  A jelly (D:5)
  4 orc priests
  3 centaur skeletons
  3 iguanas
  2 hell rats (Lair:6)
  8 orc wizards
  A scorpion zombie (D:3)
  2 hound skeletons (D:4)
  A howler monkey skeleton (D:7)
  8 gnolls
  8 adders
  8 river rats (Lair:6)
  A shadow imp (D:4)
  An ufetubus (D:7)
  2 dart slugs
  23 orcs
  7 bats
  7 endoplasms
  3 giant cockroaches
  10 goblins
  4 hobgoblins
  15 jackals
  14 kobolds
  3 quokkas
  4 ball pythons
  3 frilled lizards
  5 rats
  A butterfly (Lair:3)
  A plant (Lair:3)
525 creatures vanquished.

Vanquished Creatures (collateral kills)
  A two-headed ogre (D:11)
  A catoblepas (Lair:6)
  A gargoyle (Gauntlet)
  A yak (Lair:6)
4 creatures vanquished.

Vanquished Creatures (others)
  A centaur zombie (D:8)
  An orc wizard (D:11)
  25 fungi
  66 plants
93 creatures vanquished.

Grand Total: 622 creatures vanquished

Notes
Turn   | Place    | Note
-------+----------+-------------------------------------------
     0 | D:1      | Kinoniko the Palentonga Berserker began the quest for the
                  | Orb.
     0 | D:1      | Reached XP level 1. HP: 19/19 MP: 1/1
   192 | D:1      | Reached XP level 2. HP: 25/25 MP: 2/2
   219 | D:1      | Found a faded altar of an unknown god.
   671 | D:1      | Reached skill level 4 in Axes
  1078 | D:1      | Reached XP level 3. HP: 31/31 MP: 3/3
  1256 | D:2      | Found a hide-covered altar of Uskayaw.
  1309 | D:2      | Reached ** piety under Trog
  1882 | D:2      | Found a runed translucent door.
  1883 | D:2      | Noticed Crazy Yiuf
  1953 | D:2      | Killed Crazy Yiuf
  1954 | D:2      | Reached skill level 5 in Axes
  1954 | D:2      | Reached XP level 4. HP: 27/37 MP: 4/4
  2193 | D:3      | Found a shimmering blue altar of Sif Muna.
  2420 | D:3      | Found a basalt altar of Yredelemnul.
  2873 | D:3      | Reached XP level 5. HP: 33/43 MP: 5/5
  3001 | D:3      | Found a glowing silver altar of Zin.
  3060 | D:4      | Noticed a water moccasin
  3068 | D:4      | Killed a water moccasin
  3069 | D:4      | Reached skill level 6 in Axes
  3089 | D:4      | Reached XP level 6. HP: 34/50 MP: 6/6
  3244 | D:4      | Reached *** piety under Trog
  3293 | D:4      | Reached skill level 7 in Axes
  4326 | D:5      | Entered Level 5 of the Dungeon
  4399 | D:5      | Gained mutation: You curl defensively after being hit.
                  | [Palentonga growth]
  4399 | D:5      | Reached XP level 7. HP: 56/56 MP: 7/7
  4520 | D:5      | Noticed Sigmund
  4526 | D:5      | Killed Sigmund
  4527 | D:5      | Reached skill level 8 in Axes
  4823 | D:5      | Found a broken altar of Ashenzari.
  5430 | D:5      | Found a staircase to the Ecumenical Temple.
  5890 | D:5      | Reached skill level 9 in Axes
  5892 | D:5      | Reached XP level 8. HP: 65/65 MP: 8/8
  6033 | D:5      | Found a snail-covered altar of Cheibriados.
  6241 | D:6      | Reached skill level 1 in Shields
  6298 | D:6      | Noticed Prince Ribbit
  6310 | D:6      | Killed Prince Ribbit
  6646 | D:6      | Noticed Eustachio
  6651 | D:6      | Noticed Blork the orc
  6655 | D:6      | Killed Eustachio
  6656 | D:6      | Reached skill level 10 in Axes
  6659 | D:6      | Killed Blork the orc
  6963 | D:6      | Found an iron altar of Okawaru.
  6968 | D:6      | Reached **** piety under Trog
  7339 | D:7      | Identified the +5 scale mail "Cucasmef" {rPois}
  7915 | D:7      | Reached XP level 9. HP: 71/71 MP: 9/9
  8052 | D:7      | Found a hide-covered altar of Uskayaw.
  8194 | D:8      | Found an ornate altar of the Wu Jian Council.
  8243 | D:8      | Reached skill level 5 in Fighting
  8283 | D:8      | Reached skill level 11 in Axes
  8356 | D:8      | Found Luabiky's Armour Shoppe.
  9337 | D:9      | Reached skill level 12 in Axes
  9524 | D:9      | Reached XP level 10. HP: 82/82 MP: 10/10
  9932 | D:9      | Found a burning altar of Makhleb.
  9932 | D:9      | Noticed a balrug
 10464 | D:10     | Entered Level 10 of the Dungeon
 10687 | D:10     | Noticed Fannar
 10705 | D:10     | Killed Fannar
 10706 | D:10     | Reached skill level 13 in Axes
 10824 | D:10     | Noticed a gargoyle
 10832 | D:10     | Killed a gargoyle
 10892 | D:10     | Noticed a two-headed ogre
 10896 | D:10     | Killed a two-headed ogre
 11329 | D:11     | Found a staircase to the Lair.
 11422 | D:10     | Reached skill level 14 in Axes
 11436 | D:10     | Reached XP level 11. HP: 93/93 MP: 11/11
 11449 | D:10     | Reached ***** piety under Trog
 11648 | D:11     | Noticed a skeletal warrior
 11656 | D:11     | Noticed a skeletal warrior
 11666 | D:11     | Noticed a skeletal warrior
 11729 | D:11     | Found a staircase to the Orcish Mines.
 11834 | D:11     | Killed a skeletal warrior
 11839 | D:11     | Noticed a two-headed ogre
 11851 | D:11     | Killed a two-headed ogre
 12057 | D:11     | Reached skill level 15 in Axes
 12192 | D:11     | Noticed a two-headed ogre
 12201 | D:11     | Killed a two-headed ogre
 12263 | D:11     | Reached skill level 10 in Fighting
 12327 | D:11     | Noticed a sphinx
 12330 | D:11     | Noticed a death knight
 12336 | D:11     | Killed a sphinx
 12349 | D:11     | Killed a death knight
 12350 | D:11     | Reached XP level 12. HP: 32/104 MP: 12/12
 12414 | D:11     | Noticed an ogre mage
 12423 | D:11     | Killed an ogre mage
 12431 | D:11     | Reached skill level 16 in Axes
 12490 | D:11     | Noticed a five-headed hydra
 12497 | D:11     | Killed a ten-headed hydra
 13028 | D:11     | Noticed a two-headed ogre
 13038 | D:11     | Killed a two-headed ogre
 13121 | Lair:1   | Entered Level 1 of the Lair of Beasts
 13154 | Lair:1   | Received a gift from Trog
 13274 | Lair:1   | Noticed Harold
 13282 | Lair:1   | Killed Harold
 14227 | Lair:2   | Noticed a four-headed hydra
 14237 | Lair:2   | Killed a one-headed hydra
 14377 | Lair:2   | Reached XP level 13. HP: 116/116 MP: 13/13
 14421 | Lair:2   | Found a runed translucent door.
 14422 | Lair:2   | Found a shimmering altar of Xom.
 14422 | Lair:2   | Noticed 2tc's ghost (journeyman MfTm)
 15210 | Lair:3   | Found a gate leading to a gauntlet.
 15220 | Lair:3   | Found a staircase to the Snake Pit.
 15241 | Gauntlet | Entered a Gauntlet
 15241 | Gauntlet | Found a transporter.
 15241 | Gauntlet | Found a transporter.
 15278 | Gauntlet | Found a transporter.
 15278 | Gauntlet | Found a transporter.
 15280 | Gauntlet | Found a transporter.
 15281 | Gauntlet | Found a transporter.
 15284 | Gauntlet | Noticed an entropy weaver
 15292 | Gauntlet | Found a transporter.
 15292 | Gauntlet | Found a transporter.
 15294 | Gauntlet | Found a large runed translucent door.
 15295 | Gauntlet | Found a large runed translucent door.
 15296 | Gauntlet | Found a large runed translucent door.
 15296 | Gauntlet | Found a large runed translucent door.
 15296 | Gauntlet | Found a runed translucent door.
 15296 | Gauntlet | Found a runed translucent door.
 15297 | Gauntlet | Found a large runed translucent door.
 15297 | Gauntlet | Found a large runed translucent door.
 15297 | Gauntlet | Found a large runed translucent door.
 15297 | Gauntlet | Found a large runed translucent door.
 15298 | Gauntlet | Found a large runed translucent door.
 15298 | Gauntlet | Found a large runed translucent door.
 15299 | Gauntlet | Found a large runed translucent door.
 15299 | Gauntlet | Found a large runed translucent door.
 15300 | Gauntlet | Found a runed translucent gate.
 15300 | Gauntlet | Found a runed translucent gate.
 15300 | Gauntlet | Found a runed translucent gate.
 15302 | Gauntlet | Found a transporter.
 15313 | Gauntlet | Found a large runed translucent door.
 15314 | Gauntlet | Found a large runed translucent door.
 15323 | Gauntlet | Found a large runed translucent door.
 15323 | Gauntlet | Found a large runed translucent door.
 15403 | Gauntlet | Found a transporter.
 15407 | Gauntlet | Found a transporter.
 15419 | Gauntlet | Found a transporter.
 15855 | Gauntlet | Noticed a minotaur
 15863 | Gauntlet | Killed a minotaur
 15906 | Gauntlet | Identified the +0 ring mail "Umowola" {Contam rPois rCorr
                  | Int+5}
 16110 | Lair:3   | Received a gift from Trog
 16250 | Lair:3   | Reached skill level 17 in Axes
 16578 | D:8      | Bought the +7 plate armour of the Slorg {*Corrode rF++
                  | Regen+ Int+3} for 832 gold pieces
 17349 | Lair:4   | Reached XP level 14. HP: 128/128 MP: 14/14
 17353 | Lair:4   | Reached skill level 5 in Armour
 17637 | Lair:4   | Found a staircase to the Swamp.
 17971 | Lair:4   | Noticed Kirke
 17980 | Lair:4   | Killed Kirke
 18043 | Lair:5   | Reached ****** piety under Trog
 18043 | Lair:5   | Received a gift from Trog
 18214 | Lair:5   | Noticed Josephine
 18221 | Lair:5   | Killed Josephine
 18224 | Lair:5   | Reached skill level 18 in Axes
 18327 | Lair:5   | Noticed Urug
 18336 | Lair:5   | Killed Urug
 18482 | Lair:5   | Found a staircase to the Slime Pits.
 18482 | Lair:5   | Found a viscous altar of Jiyva.
 18800 | Lair:6   | Entered Level 6 of the Lair of Beasts
 18813 | Lair:6   | Reached skill level 15 in Fighting
 19027 | Lair:6   | Received a gift from Trog
 19131 | Lair:6   | Reached XP level 15. HP: 138/138 MP: 15/15
 19704 | Lair:6   | Identified the ring "Pejen" {rElec rCorr Stlth+}
 20163 | D:12     | Found a runed translucent gate.
 20163 | D:12     | Found a runed translucent gate.
 20163 | D:12     | Found a runed translucent gate.
 20480 | D:12     | Received a gift from Trog
 20966 | D:12     | Identified the +3 scale mail of Lugonu's Displeasure {rF+
                  | rC+ Stlth+}
 20967 | D:12     | Found an iron altar of Okawaru.
 20967 | D:12     | Identified the +2 dire flail of Dissolution {vamp, rElec
                  | rN+ Will+ SInv}
 20967 | D:12     | Noticed Cicust's ghost (journeyman TrMo)
 21051 | D:13     | Reached skill level 19 in Axes
 21084 | D:13     | Slain by a yaktaur

Illustrated notes

Levels and vault maps discovered:
D:1:      psy_arrival_radial01, layout_basic,
          hellmonk_ecumenical_altar_pennies_from_heaven
D:2:      layout_rooms, basic_altar, uniq_crazy_yiuf_cottage
D:3:      layout_loops_cross, nicolae_sif_muna_condensation, lemuel_round_altar,
          old_standard_altar
D:4:      layout_basic, minmay_starry_boxes
D:5:      layout_layer_cave, lemuel_coloured_pillars_altar,
          nicolae_overflow_crystal_walls, minmay_temple_entry_gardened_gates,
          portal_sewer_entry_e, uniq_sigmund
D:6:      layout_loops_ring, okawaru_altar_gauntlet_db, nicolae_lava_and_water,
          uniq_eustachio, uniq_blork_the_orc, uniq_prince_ribbit1
D:7:      layout_gridville, lemuel_tele_altar, minmay_misc_feat_more_columns,
          chequers_serial_rivers_micro_d
D:8:      layout_basic, nicolae_wu_jian_immortal_techniques, serial_shops,
          nicolae_stop_n_shop_2, lemuel_flamethrower_2
D:9:      layout_layer_cave, makhleb_altar_promises_db
D:10:     layout_roguey, uniq_fannar
D:11:     nzn_winding_woodlands_medium [nzn_winding_woodlands_5x5_three,
          nzn_winding_woodlands_5x15_jagged, nzn_winding_woodlands_5x5_default,
          nzn_winding_woodlands_5x5_perimeter,
          nzn_winding_woodlands_center_diamonds,
          nzn_winding_woodlands_hourglass,
          nzn_winding_woodlands_5x5_closed_star,
          nzn_winding_woodlands_5x15_default,
          nzn_winding_woodlands_5x5_open_star], layout_loops_cross,
          minmay_lair_entry_grove, orc_0_dummy, special_room [special_room_bee],
          minmay_fractal_squares_gapless_5
D:12:     layout_irregular_city, gammafunk_ghost_fury_of_okawaru
D:13:     layout_loops_corners, hangedman_vaults_entry_quadrant_bands,
          enter_trove_3, special_room [special_room_orc],
          minmay_tree_intersection
Lair:1:   layout_regular_city, beast_lair_carwin_11, uniq_harold
Lair:2:   layout_loops_ring, ebering_ghost_xom, beast_lair_carwin_4,
          grunt_megastairs_1, serial_bayou_shore_a
Lair:3:   layout_roguey, guppyfry_snake_entry_island, gauntlet_entry_generic,
          lemuel_fruit_fields, infiniplex_staircase_pool,
          minmay_lair_oklob_chamber
Lair:4:   layout_hall_layers, palyth_hydra_swamp_entry, lemuel_fruit_fields,
          uniq_kirke
Lair:5:   layout_gridlike, slime_altar_1, uniq_urug, uniq_josephine
Lair:6:   evilmike_catoblepas_cave, layout_hall_layers, st_stairs_8,
          kennysheep_rathole, grunt_megastairs_4

Skill      XL: |  1  2  3  4  5  6  7  8  9 10 11 12 13 14 15 |
---------------+----------------------------------------------+-----
Axes           | 4 5 6 7 9 10 12 14 15 16 17 18 19 | 19.0
Fighting       | 4 6 8 10 12 14 15 16 | 16.2
Shields        | 3 4 |  4.3
Armour         | 3 4 6 7 |  7.4
Dodging        | 3 |  3.2

Action                   |  1- 3 |  4- 6 |  7- 9 | 10-12 | 13-15 || total
-------------------------+-------+-------+-------+-------+-------++-------
Melee: Hand axe          |   114 |    10 |       |       |       ||   124
       Tailslap          |     8 |    15 |    30 |    92 |    90 ||   235
       War axe           |       |   130 |   173 |   357 |       ||   660
       Battleaxe         |       |       |       |    84 |   525 ||   609
       Broad axe         |       |       |       |    65 |       ||    65
Invok: Berserk           |     1 |     2 |    10 |    19 |    15 ||    47
       Brothers in Arms  |       |       |       |     1 |     2 ||     3
 Abil: Rolling Charge    |       |       |       |       |     2 ||     2
  Use: Scroll            |       |     4 |     5 |     7 |     7 ||    23
       Potion            |       |       |       |     2 |     3 ||     5
Armor: Animal skin       |    63 |       |       |       |       ||    63
       Ring mail         |       |    89 |    23 |       |       ||   112
       Scale mail        |       |       |    60 |   372 |   105 ||   537
       Plate armour      |       |       |       |       |   257 ||   257
Dodge: Dodged            |    69 |    66 |    59 |   224 |   153 ||   571
Block: Buckler           |       |       |    22 |    99 |       ||   121

Table legend: (Time is in decaauts)
 A = Elapsed time spent in this place.
 B = Non-inter-level travel time spent in this place.
 C = Inter-level travel time spent in this place.
 D = Time resting spent in this place.
 E = Time spent auto-exploring this place.
 F = Levels seen in this place.
 G = Mean time per level.
                   A        B        C        D        E       F      G
               +--------+--------+--------+--------+--------+-----+--------+
         Total |  21340 |  20432 |    908 |   3179 |  14361 |  20 | 1067.0 |
       Dungeon |  14367 |  13858 |    509 |   2280 |   9899 |  13 | 1105.2 |
          Lair |   6265 |   5866 |    399 |    694 |   4280 |   6 | 1044.2 |
      Gauntlet |    707 |    707 |      0 |    204 |    182 |   1 |  707.0 |
               +--------+--------+--------+--------+--------+-----+--------+

Top non-repeatable levels by time:
     D:5: 1861 daAuts
    D:11: 1798 daAuts
     D:4: 1299 daAuts
     D:1: 1263 daAuts
     D:9: 1255 daAuts
  Lair:6: 1243 daAuts
     D:6: 1191 daAuts
     D:8: 1178 daAuts
  Lair:4: 1131 daAuts
  Lair:2: 1118 daAuts
    D:10: 1096 daAuts
  Lair:1: 1079 daAuts
     D:2: 908 daAuts
     D:3: 906 daAuts
  Lair:3: 902 daAuts
